 Dungeon Crawl Stone Soup version 0.31.0-9-g3a7656b989 (webtiles) character file.

Game seed: 599408874434601883

7 Esekla the Firebug (level 2, -3/16 HPs)
             Began as a Vine Stalker Cinder Acolyte on Jan 24, 2024.
             Was a High Priest of Ignis.
             Succumbed to a kobold's poison
             ... on level 1 of the Dungeon.
             The game lasted 00:01:44 (268 turns).

Esekla the Firebug (Vine Stalker Cinder Acolyte)     Turns: 268, Time: 00:01:44

Health: -3/16      AC:  2    Str: 16    XL:     2   Next: 0%
Magic:  4/5        EV: 11    Int: 14    God:    Ignis [*****.]
Gold:   43         SH:  0    Dex:  9    Spells: 3/3 levels left

rFire   + . .        a - -1 falchion (flame)
rCold   . . .        (no shield)
rNeg    . . .        b - +0 robe
rPois   .            (no helmet)
rElec   .            (no cloak)
rCorr   .            (no gloves)
SInv    .            (no boots)
Will    .....        (no amulet)
Stlth   +            (no ring)
HPRegen 1.02/turn    (no ring)
MPRegen 0.09/turn

%: guardian spirit
@: lethally poisoned (-3 -> -14)
A: fangs 2, regeneration 1, magic shield, antimagic bite, no potion heal 2
a: Renounce Religion, Fiery Armour, Foxfire Swarm, Rising Flame


You were on level 1 of the Dungeon.
You worshipped Ignis.
Ignis was extremely pleased with you.
You visited 1 branch of the dungeon, and saw 2 of its levels.

You collected 43 gold pieces.

Inventory:

Hand Weapons
 a - a -1 falchion of flaming (weapon)
Armour
 b - a +0 robe (worn)
Jewellery
 c - a ring of fire
Scrolls
 d - a scroll of blinking {unknown}
 e - a scroll of revelation {unknown}


   Skills:
 * Level 2.9 Fighting
 + Level 2.7 Long Blades
 * Level 1.4 Spellcasting
 + Level 3.0 Fire Magic


You had 3 spell levels left.
You didn't know any spells.
Your spell library contained the following spells:

 Spells                   Type           Power      Damage    Failure   Level
 Scorch                   Fire           18%        2d5       11%         2
 Volatile Blastmotes      Fire/Tloc      10%        2d10      38%         3
 Fulminant Prism          Conj/Alch      0%         3d5       94%         4
 Iskenderun's Mystic Bla  Conj/Tloc      0%         2d3       94%         4


Dungeon Overview and Level Annotations

Branches:
Dungeon (2/15)

Altars:


Innate Abilities, Weirdness & Mutations

You have extremely sharp teeth.
Your natural rate of healing is unusually fast.
When hurt, damage is shared between your health and your magic reserves.
Your bite disrupts and absorbs the magic of your enemies.
Potions cannot restore your health.


Message History

You hit the jackal but do no damage. The jackal bites you.
The jackal bites you but does no damage.
You miss the jackal. You bite the jackal. You drain its power.
The jackal is moderately wounded.
The jackal misses you. The jackal bites you.
You hit the jackal. You burn the jackal.
You kill the jackal!
You see here a jackal corpse.
You now have 43 gold pieces (gained 18).
A frilled lizard comes into view.
The frilled lizard hisses angrily.
The frilled lizard closely misses you.
You barely miss the frilled lizard. Your bite misses the frilled lizard.
The frilled lizard closely misses you.
You closely miss the frilled lizard. The frilled lizard barely misses you.
The frilled lizard bites you.
You barely miss the frilled lizard. You bite the frilled lizard.
You kill the frilled lizard!
You have reached level 2!
A dart slug and a kobold come into view.
The kobold is wielding a +0 dagger of venom.
Found a gold piece.
The dart slug launches a dart at you. The slug dart misses you.
You closely miss the kobold. Your bite misses the kobold.
The kobold hits you with a +0 dagger of venom.
You are poisoned.
The kobold hits you with a +0 dagger of venom.
You are lethally poisoned!
You closely miss the kobold.
You feel extremely sick.
The kobold hits you with a +0 dagger of venom.
You are more poisoned.
You aren't carrying any potions.
You closely miss the kobold.
* * * LOW HITPOINT WARNING * * *
You feel extremely sick. The kobold closely misses you.
You hit the kobold but do no damage.
You die...

......#......................
#####.#............#.........
......#............#.........
........############.........
...................#.........
..[..............#.#.........
...................##.###.###
###########.#.#.##....# .#
#.#.#.#.#.#...#.@Kw.#..# #
...........##.####........
.....#......# #........#
...#.......## ####.....$.
.#....#.....# ##.#.###
...........## .#..
.#.#.#.#....# .. ##
...........## .#.<.#..#...#


You could see a dart slug and a kobold.

Vanquished Creatures
  A hobgoblin (D:1)
  2 jackals (D:1)
  3 frilled lizards (D:1)
  A rat (D:1)
7 creatures vanquished.

Notes
Turn   | Place    | Note
-------+----------+-------------------------------------------
     0 | D:1      | Esekla the Vine Stalker Cinder Acolyte began the quest for
                  | the Orb.
     0 | D:1      | Reached XP level 1. HP: 11/11 MP: 3/3
    79 | D:2      | Noticed a jelly
   231 | D:1      | Reached XP level 2. HP: 14/16 MP: 5/5
   268 | D:1      | Succumbed to a kobold's poison

Illustrated notes

Levels and vault maps discovered:
D:1:      co_arrival_square_in_a_square_in_a_square, layout_basic
D:2:      layout_basic, minmay_pentomino_pile

Action                     || total
---------------------------++-------
  Melee: Falchion          ||    33
         Bite              ||     5
 Armour: Robe              ||    22
  Dodge: Dodged            ||    21
